PIO (24 & UNDER)
SEATTLE RAINIERS @ CHULA VISTA TACOS
07/23/2028
 
TOP OF THE 1ST
Seattle Rainiers batting - Pitching for Chula Vista Tacos : RHP Andrés Franco
Pitching: RHP Andrés Franco
Batting: RHB Roberto Casas 0-0: Called Strike
0-1: Called Strike
0-2: Hit by Pitch
Batting: RHB Juan Hernández 0-0: Called Strike
0-1: Ball
Roberto Casas steals 2nd base
1-1: Fly out, F9 (Flyball, 9S)
Batting: LHB Quinn Webb 0-0: Swinging Strike
0-1: Swinging Strike
0-2: Strikes out looking
Batting: RHB Juan Bruno 0-0: Ball
1-0: Ball
2-0: Foul Ball, location: 2F
2-1: Foul Ball, location: 2F
2-2: Ball
3-2: Strikes out looking
Top of the 1st over - 0 run(s), 0 hit(s), 0 error(s), 1 left on base; Seattle 0 - Chula Vista 0
BOTTOM OF THE 1ST
Chula Vista Tacos batting - Pitching for Seattle Rainiers : RHP Raúl Salsa
Pitching: RHP Raúl Salsa
Batting: LHB Dale Miller 0-0: Ball
1-0: Ball
2-0: Swinging Strike
2-1: Foul Ball, location: 2F
2-2: Strikes out swinging
Batting: RHB Matt O'Rourke 0-0: Called Strike
0-1: Called Strike
0-2: Ball
1-2: Ground out 4-3 (Groundball, 4S)
Batting: LHB Nick Hill 0-0: Ground out U3 (Groundball, 3S)
Bottom of the 1st over - 0 run(s), 0 hit(s), 0 error(s), 0 left on base; Seattle 0 - Chula Vista 0
TOP OF THE 2ND
Seattle Rainiers batting - Pitching for Chula Vista Tacos : RHP Andrés Franco
Batting: LHB Duane Lemay 0-0: Ball
1-0: Ball
2-0: Fly out, F8 (Flyball, 8LM)
Batting: SHB Dwight Hill 0-0: Called Strike
0-1: Ball
1-1: Foul Ball, location: 2F
1-2: Strikes out swinging
Batting: RHB Mike Russell 0-0: Foul Ball, location: 2F
0-1: Ball
1-1: Swinging Strike
1-2: Strikes out swinging
Top of the 2nd over - 0 run(s), 0 hit(s), 0 error(s), 0 left on base; Seattle 0 - Chula Vista 0
BOTTOM OF THE 2ND
Chula Vista Tacos batting - Pitching for Seattle Rainiers : RHP Raúl Salsa
Batting: LHB Steven Smith 0-0: Ball
1-0: Foul Ball, location: 2F
1-1: Called Strike
1-2: Ball
2-2: Strikes out swinging
Batting: RHB Jake Lawrence 0-0: Called Strike
0-1: Swinging Strike
0-2: Strikes out swinging
Batting: LHB Roderick Delgado 0-0: Swinging Strike
0-1: Ball
1-1: Called Strike
1-2: Foul Ball, location: 2F
1-2: Foul Ball, location: 2F
1-2: Foul Ball, location: 2F
1-2: Foul Ball, location: 2F
1-2: Foul Ball, location: 2F
1-2: Ground out 4-3 (Groundball, 4)
Bottom of the 2nd over - 0 run(s), 0 hit(s), 0 error(s), 0 left on base; Seattle 0 - Chula Vista 0
TOP OF THE 3RD
Seattle Rainiers batting - Pitching for Chula Vista Tacos : RHP Andrés Franco
Batting: RHB Lionel Pona 0-0: SINGLE (Line Drive, 6)
Batting: SHB Troy Holland 0-0: Foul Ball, location: 2F
0-1: Fielders Choice at 2nd, 4-6 (Groundball, 34)
Batting: RHB Roberto Casas 0-0: Ball
1-0: Called Strike
1-1: Ball
2-1: Ball
3-1: Ground out 6-3 (Groundball, 6S)
Troy Holland to second
Batting: RHB Juan Hernández 0-0: Ball
1-0: Ball
2-0: Foul Ball, location: 2F
2-1: Ball
3-1: Foul Ball, location: 2F
3-2: Foul Ball, location: 2F
3-2: Strikes out swinging
Top of the 3rd over - 0 run(s), 1 hit(s), 0 error(s), 1 left on base; Seattle 0 - Chula Vista 0
BOTTOM OF THE 3RD
Chula Vista Tacos batting - Pitching for Seattle Rainiers : RHP Raúl Salsa
Batting: RHB Conner Riley 0-0: Ball
1-0: Foul Ball, location: 2F
1-1: Called Strike
1-2: Foul Ball, location: 2F
1-2: Strikes out swinging
Batting: RHB Juan Morales 0-0: Ball
1-0: Ball
2-0: Ball
3-0: Base on Balls
Batting: RHB Preston Wooten 0-0: Ball
Juan Morales is caught stealing 2nd base
1-0: Ball
2-0: Ball
3-0: Called Strike
3-1: Base on Balls
Batting: LHB Dale Miller 0-0: Foul Ball, location: 2F
0-1: Ball
1-1: Ball
2-1: SINGLE (Line Drive, 78S)
Preston Wooten to second
Batting: RHB Matt O'Rourke 0-0: Foul Ball, location: 2F
0-1: Ball
1-1: Ball
2-1: Fly out, F6 (Popup, 6M)
Bottom of the 3rd over - 0 run(s), 1 hit(s), 0 error(s), 2 left on base; Seattle 0 - Chula Vista 0
TOP OF THE 4TH
Seattle Rainiers batting - Pitching for Chula Vista Tacos : RHP Andrés Franco
Batting: LHB Quinn Webb 0-0: Ground out U3 (Groundball, 34)
Batting: RHB Juan Bruno 0-0: Swinging Strike
0-1: Foul Ball, location: 2F
0-2: Strikes out swinging
Batting: LHB Duane Lemay 0-0: Ball
1-0: Called Strike
1-1: Swinging Strike
1-2: Foul Ball, location: 2F
1-2: Strikes out swinging
Top of the 4th over - 0 run(s), 0 hit(s), 0 error(s), 0 left on base; Seattle 0 - Chula Vista 0
BOTTOM OF THE 4TH
Chula Vista Tacos batting - Pitching for Seattle Rainiers : RHP Raúl Salsa
Batting: LHB Nick Hill 0-0: Called Strike
0-1: Swinging Strike
0-2: Foul Ball, location: 2F
0-2: Fly out, F9 (Line Drive, 89M)
Batting: LHB Steven Smith 0-0: Ball
1-0: Called Strike
1-1: SINGLE (Flyball, 8LS)
Batting: RHB Jake Lawrence 0-0: Called Strike
0-1: Ball
1-1: Foul Ball, location: 2F
1-2: Foul Ball, location: 2F
1-2: Ball
2-2: SINGLE (Groundball, 56D)
Steven Smith to second
Batting: LHB Roderick Delgado 0-0: Fielders Choice at 2nd, 2-6 (Groundball, 2R)
Steven Smith to third
Batting: RHB Conner Riley 0-0: Called Strike
0-1: Ball
1-1: Foul Ball, location: 2F
1-2: Ball
2-2: Fly out, F9 (Flyball, 89M)
Bottom of the 4th over - 0 run(s), 2 hit(s), 0 error(s), 2 left on base; Seattle 0 - Chula Vista 0
TOP OF THE 5TH
Seattle Rainiers batting - Pitching for Chula Vista Tacos : RHP Andrés Franco
Batting: SHB Dwight Hill 0-0: Called Strike
0-1: Foul Ball, location: 2F
0-2: Ball
1-2: Ball
2-2: Foul Ball, location: 2F
2-2: Strikes out swinging
Batting: RHB Mike Russell 0-0: Ball
1-0: Ball
2-0: Ball
3-0: Called Strike
3-1: Base on Balls
Batting: RHB Lionel Pona 0-0: Called Strike
0-1: Ball
1-1: Called Strike
1-2: Foul Ball, location: 2F
1-2: Strikes out looking
Batting: SHB Troy Holland 0-0: Called Strike
Mike Russell steals 2nd base
0-1: Ball
1-1: Foul Ball, location: 2F
1-2: Foul Ball, location: 2F
1-2: Ball
2-2: Foul Ball, location: 2F
2-2: Strikes out swinging
Top of the 5th over - 0 run(s), 0 hit(s), 0 error(s), 1 left on base; Seattle 0 - Chula Vista 0
BOTTOM OF THE 5TH
Chula Vista Tacos batting - Pitching for Seattle Rainiers : RHP Raúl Salsa
Batting: RHB Juan Morales 0-0: Ball
1-0: Ball
2-0: Ball
3-0: Called Strike
3-1: Base on Balls
Batting: RHB Preston Wooten 0-0: Ball
1-0: Foul Ball, location: 2F
1-1: Fly out, F9 (Flyball, 9S)
Batting: LHB Dale Miller 0-0: Ball
1-0: Grounds into double play, 4-6-3 (Groundball, 34)
Bottom of the 5th over - 0 run(s), 0 hit(s), 0 error(s), 0 left on base; Seattle 0 - Chula Vista 0
TOP OF THE 6TH
Seattle Rainiers batting - Pitching for Chula Vista Tacos : RHP Andrés Franco
Batting: RHB Roberto Casas 0-0: Ball
1-0: Ball
2-0: Bunt missed!
2-1: Ground out 5-3 (Groundball, 56)
Batting: RHB Juan Hernández 0-0: Fly out, F8 (Flyball, 89D)
Batting: LHB Quinn Webb 0-0: Called Strike
0-1: Swinging Strike
0-2: Strikes out swinging
Top of the 6th over - 0 run(s), 0 hit(s), 0 error(s), 0 left on base; Seattle 0 - Chula Vista 0
BOTTOM OF THE 6TH
Chula Vista Tacos batting - Pitching for Seattle Rainiers : RHP Raúl Salsa
Batting: RHB Matt O'Rourke 0-0: Called Strike
0-1: Foul Ball, location: 2F
0-2: Foul Ball, location: 2F
0-2: Fly out, F5 (Line Drive, 56)
Batting: LHB Nick Hill 0-0: Ball
1-0: Called Strike
1-1: Swinging Strike
1-2: Ball
2-2: Foul Ball, location: 2F
2-2: Strikes out looking
Batting: LHB Steven Smith 0-0: Ball
1-0: Called Strike
1-1: Foul Ball, location: 2F
1-2: Ball
2-2: Ball
3-2: Base on Balls
Pitching: RHP José Rivera
Batting: RHB Jake Lawrence 0-0: Foul Ball, location: 2F
0-1: Ball
1-1: Foul Ball, location: 2F
1-2: SINGLE (Line Drive, 7S)
Steven Smith to second
Batting: LHB Roderick Delgado 0-0: Ball
1-0: Ball
2-0: Called Strike
2-1: Called Strike
2-2: Fly out, F8 (Line Drive, 78M)
Bottom of the 6th over - 0 run(s), 1 hit(s), 0 error(s), 2 left on base; Seattle 0 - Chula Vista 0
TOP OF THE 7TH
Seattle Rainiers batting - Pitching for Chula Vista Tacos : RHP Andrés Franco
Pinch Hitting: LHB Ramón Ramírez 0-0: Foul Ball, location: 2F
0-1: Ball
1-1: Swinging Strike
1-2: Foul Ball, location: 2F
1-2: Ball
2-2: Ball
3-2: Strikes out swinging
Pitching: RHP Carlos Madraso
Batting: LHB Duane Lemay 0-0: Ground out 4-3 (Groundball, 4MS)
Pinch Hitting: RHB Richie Sawyer 0-0: Ball
1-0: Ball
2-0: Ball
3-0: Called Strike
3-1: Foul Ball, location: 2F
3-2: Base on Balls
Pinch Hitting: LHB Darren Cook 0-0: Ball
1-0: Ball
2-0: Ball
3-0: Called Strike
3-1: Base on Balls
Richie Sawyer to second
Pinch Runner at 2nd Roger Lamb:
Batting: RHB Lionel Pona 0-0: Ball
1-0: Called Strike
1-1: Fly out, F7 (Flyball, 78M)
Top of the 7th over - 0 run(s), 0 hit(s), 0 error(s), 2 left on base; Seattle 0 - Chula Vista 0
BOTTOM OF THE 7TH
Chula Vista Tacos batting - Pitching for Seattle Rainiers : RHP José Rivera
Now at 1B: José Rosales
Now at 3B: Roger Lamb
Now in CF: Ramón Ramírez
Pinch Hitting: SHB Tony Varela 0-0: Called Strike
0-1: Foul Ball, location: 2F
0-2: Strikes out swinging
Batting: RHB Juan Morales 0-0: Called Strike
0-1: Ball
1-1: Swinging Strike
1-2: Foul Ball, location: 2F
1-2: Foul Ball, location: 2F
1-2: Strikes out swinging
Pinch Hitting: LHB Esteban Zamora 0-0: Called Strike
0-1: Ground out 6-3 (Groundball, 6S)
Bottom of the 7th over - 0 run(s), 0 hit(s), 0 error(s), 0 left on base; Seattle 0 - Chula Vista 0
TOP OF THE 8TH
Seattle Rainiers batting - Pitching for Chula Vista Tacos : RHP Carlos Madraso
Now at 2B: Tony Varela
Now at 3B: Ron Garrett
Pinch Hitting: RHB Chad Battle 0-0: Called Strike
0-1: Ball
1-1: Ball
2-1: Called Strike
2-2: Ball
3-2: Strikes out swinging, 2-3 out at first.
Pinch Hitting: RHB Jeff Lawrence 0-0: Called Strike
0-1: Foul Ball, location: 2F
0-2: Strikes out swinging
Pinch Hitting: RHB John Eaves 0-0: Called Strike
0-1: Swinging Strike
0-2: Ball
1-2: Ball
2-2: Strikes out swinging
Top of the 8th over - 0 run(s), 0 hit(s), 0 error(s), 0 left on base; Seattle 0 - Chula Vista 0
BOTTOM OF THE 8TH
Chula Vista Tacos batting - Pitching for Seattle Rainiers : RHP José Rivera
Pitching: LHP Nick Thornton
Now at 3B: Jeff Lawrence
Now at SS: John Eaves
Now in RF: Arnold Bernard
Pinch Hitting: RHB Juan López 0-0: Swinging Strike
0-1: Ball
1-1: Ball
2-1: Ball
3-1: Base on Balls
Pinch Runner at 1st Domynguos Tabucchi:
Batting: RHB Matt O'Rourke 0-0: Ball
1-0: Bunted foul
1-1: Bunted foul
1-2: Ball
2-2: Foul Ball, location: 2F
2-2: Foul Ball, location: 2F
2-2: SINGLE (Groundball, 6D)
Domynguos Tabucchi to second
Batting: LHB Nick Hill 0-0: Ball
1-0: Ball
2-0: Ball
3-0: Base on Balls
Domynguos Tabucchi to third
Matt O'Rourke to second
Pitching: RHP Mark Owens
Batting: LHB Steven Smith 0-0: Ball
1-0: Called Strike
1-1: SINGLE (Groundball, 56D)
Domynguos Tabucchi scores
Matt O'Rourke to third
Nick Hill to second
Batting: RHB Jake Lawrence 0-0: Ball
1-0: Ball
2-0: GRAND SLAM HOME RUN (Line Drive, 7D), Distance : 395 ft
Pitching: RHP Les Johnston
Batting: LHB Roderick Delgado 0-0: Ball
1-0: Foul Ball, location: 2F
1-1: Ball
2-1: Ball
3-1: SINGLE (Flyball, 8LS)
Batting: SHB Tony Varela 0-0: Ball
1-0: Foul Ball, location: 2F
1-1: Ball
2-1: Called Strike
2-2: Ball
3-2: Base on Balls
Roderick Delgado to second
Batting: RHB Juan Morales 0-0: Ball
1-0: Foul Ball, location: 2F
1-1: Ball
2-1: Foul Ball, location: 2F
2-2: Foul Ball, location: 2F
2-2: Ball
3-2: Base on Balls
Roderick Delgado to third
Tony Varela to second
Batting: RHB Ron Garrett 0-0: Ball
1-0: Called Strike
1-1: Ball
2-1: Called Strike
2-2: Fly out, F7 (Line Drive, 7LS)
Runner from 3rd tags up, SCORES, no throw
Batting: RHB Domynguos Tabucchi 0-0: Fly out, F8 (Flyball, 8RD)
Batting: RHB Matt O'Rourke 0-0: Ball
1-0: SINGLE (Groundball, 34S) (infield hit)
Tony Varela to third
Juan Morales to second
Batting: LHB Nick Hill 0-0: Called Strike
0-1: Foul Ball, location: 2F
0-2: Ball
1-2: Foul Ball, location: 2F
1-2: Strikes out swinging
Bottom of the 8th over - 6 run(s), 5 hit(s), 0 error(s), 3 left on base; Seattle 0 - Chula Vista 6
TOP OF THE 9TH
Seattle Rainiers batting - Pitching for Chula Vista Tacos : RHP Carlos Madraso
Now in LF: Domynguos Tabucchi
Batting: LHB Quinn Webb 0-0: Ground out 1-3 (Groundball, 13)
Batting: LHB Ramón Ramírez 0-0: Called Strike
0-1: Called Strike
0-2: Ball
1-2: Ball
2-2: Ball
3-2: Strikes out swinging
Batting: LHB Duane Lemay 0-0: Called Strike
0-1: Called Strike
0-2: Ball
1-2: Foul Ball, location: 2F
1-2: Strikes out swinging
Top of the 9th over - 0 run(s), 0 hit(s), 0 error(s), 0 left on base; Seattle 0 - Chula Vista 6
Tuesday, August 8th, 2017 - OOTP Baseball 17.12 Build 75